cohdb
Replays
Latest Replays
All Replays
Popular Replays
Top Player Replays
Match Explorer
How It Works
Community
CoH3 Stats
Reddit
Sign in to upload your games and track your stats! →
Sign in with Steam
Match 45168286
Unlisted
Match 45168286
Overview
Messages
Build Orders
End
Construct Barracks
Riflemen Squad
Riflemen Squad
M1 Mortar Team
Construct Medical Station
Riflemen Squad
Construct Weapon Support Center
Grenade Package
M1919 Machine Gun Team
Mechanized Support Center
M1918 Browning Automatic Rifles
M3 Armored Personnel Carrier
Elite Gamer Beef Chugger
ShiningBolt
Patton
Rurutia
Scorps
娘希匹,优势在我!
鼻涕一甩排山倒海
GAGE
0
0
Comments
sign in to comment!
No comments posted yet!